 Dungeon Crawl Stone Soup version 0.31-a0-700-gf13585253f (webtiles) character file.

Game seed: 10492182104856551790

3813 qw the Skirmisher (level 10, -2/64 HPs)
             Began as a Gargoyle Hunter on Sept 7, 2023.
             Slain by a yak (9 damage)
             ... on level 10 of the Dungeon.
             The game lasted 00:02:19 (5216 turns).

qw the Skirmisher (Gargoyle Hunter)                 Turns: 5216, Time: 00:02:20

Health: -2/64      AC: 14    Str: 15    XL:     10   Next: 17%
Magic:  10/10      EV: 12    Int: 10    God:
Gold:   83         SH:  0    Dex: 17    Spells: 9/9 levels left

rFire   . . .        Y - +2 shortbow
rCold   . . .        (shield currently unavailable)
rNeg    + . .        i - +0 ring mail
rPois   inf          h - +0 helmet
rElec   +            (no cloak)
rCorr   +            (no gloves)
SInv    .            (no boots)
Will    .....        j - amulet of faith
Stlth   +            e - +4 ring of slaying {mikee}
HPRegen 0.30/turn    n - ring of resist corrosion
MPRegen 0.12/turn

%: faith
@: no status effects
A: sickness immunity, AC +7, negative energy resistance 1, electricity
resistance, torment resistance 1, petrification resistance
a: no special abilities


You were on level 10 of the Dungeon.
You visited 2 branches of the dungeon, and saw 9 of its levels.
You also visited: Sewer.

You collected 389 gold pieces.
You spent 306 gold pieces at shops.


Innate Abilities, Weirdness & Mutations

You are immune to sickness and miasma.
Your stone body is resilient. (AC +7)
You are immune to poison.
You resist negative energy. (rN+)
You are resistant to electric shocks. (rElec)
You are resistant to unholy torment.
You are immune to petrification.


   Skills:
 - Level 8.1 Fighting
 + Level 12.0 Ranged Weapons
 - Level 3.6 Armour
 - Level 3.5 Dodging
 - Level 1.1 Stealth


You had 9 spell levels left.
You didn't know any spells.
Your spell library was empty.

Inventory:

Hand Weapons
 Y - a +2 shortbow (weapon)
Armour
 h - a +0 helmet (worn)
 i - a +0 ring mail (worn)
 o - +0 steam dragon scales
 q - a scarf of shadows
Jewellery
 e - a +4 ring of slaying (left hand) {mikee}
 g - a ring of positive energy
 j - an amulet of faith (around neck)
 n - a ring of resist corrosion (right hand)
Scrolls
 a - 5 scrolls of identify
Potions
 b - a potion of resistance
 c - 2 potions of enlightenment
 f - 4 potions of cancellation
 k - a potion of haste
 l - a potion of curing
 m - a potion of mutation
 p - a potion of brilliance {unknown}

Dungeon Overview and Level Annotations

Branches:
Dungeon (10/15)            Temple (1/1) D:4           Sewer (visited)
   Lair: D:8-11         Orc: D:9-12

Altars:
Ashenzari
Cheibriados
Fedhas
Gozag
Hepliaklqana
Kikubaaqudgha
Nemelex Xobeh
Qazlal
Ru
Sif Muna
Trog
Uskayaw
Yredelemnul
The Shining One

Shops:
D:5 =?

Portals:
Trove: D:10 (lose all piety)

Annotations:
D:10 Edmund


Message History

You shoot an arrow. The arrow hits the human!
The human is severely wounded.
The human hits you but does no damage.
You shoot an arrow. The arrow hits the human!
The human is almost dead.
The human hits you.
You shoot an arrow. The arrow hits the human!
You kill the human!
You shoot an arrow. The arrow hits the hound.
The hound is lightly wounded.
The hound misses you. The hound bites you but does no damage.
You shoot an arrow. The arrow hits the hound!
The hound is heavily wounded.
The hound completely misses you.
The jackal pauses to sniff the ground.
You shoot an arrow. The arrow closely misses the hound.
The hound bites you but does no damage.
You shoot an arrow. The arrow hits the hound!
You kill the hound!
The hound barely misses you.
You shoot an arrow. The arrow hits the hound!
The hound is almost dead.
The hound bites you but does no damage.
You shoot an arrow. The arrow hits the hound!
You kill the hound!
Your Ranged Weapons skill increases to level 12!
You shoot an arrow. The arrow hits the yak.
The yak is lightly wounded.
The yak misses you.
You shoot an arrow. The arrow hits the yak!
The yak is moderately wounded.
The yak snorts and paws the ground.
The yak gores you.
You shoot an arrow. The arrow hits the yak!
The yak is severely wounded.
The yak gores you but does no damage.
You shoot an arrow. The arrow hits the yak!
The yak is almost dead.
The yak gores you!
You die...

#[.# ..~.
##.# ..ยค
#.# ...
##.# hh
#..# h#
#.## ##@
#.# #Y#
#.# #@#
#.# ##.#
#.# #.##
#.# ##.#
#.# #.##
#.# ##.#
#.# #.#
#.# #.#
#.##
#####.#
######..##


You could see Edmund, a yak, a hound and 2 jackals.

Vanquished Creatures
  5 yaks (D:10)
  6 humans (D:10)
  A steam dragon (D:7)
  A water moccasin (D:5)
  A black bear (D:5)
  A sky beast (D:7)
  An ogre (D:4)
  A centaur (D:5)
  3 phantoms
  3 kobold brigands
  6 scorpions
  2 vampire bats (D:4)
  A howler monkey (D:6)
  2 orc priests (D:4)
  6 hounds
  A jelly (D:5)
  3 iguanas
  A gnoll bouda (D:6)
  2 sleepcaps
  An orc wizard (D:4)
  Robin (D:3)
  8 gnolls
  9 adders
  A river rat (Sewer)
  A white imp (D:7)
  2 worms
  3 dart slugs
  6 orcs
  7 ball pythons
  A bat skeleton (D:4)
  4 bat zombies (D:4)
  5 endoplasms
  2 giant cockroaches
  12 goblins
  7 hobgoblins
  2 jackals (Sewer)
  21 kobolds
  2 quokkas
  7 rats
149 creatures vanquished.

Notes
Turn   | Place    | Note
-------+----------+-------------------------------------------
     0 | D:1      | qw the Gargoyle Hunter began the quest for the Orb.
     0 | D:1      | Reached XP level 1. HP: 12/12 MP: 1/1
     0 | D:1      | 0 ||| qw: Version: 0.3-a-76-g4403597
     0 | D:1      | 0 ||| qw: Game counter: 718
     0 | D:1      | 0 ||| qw: Melee chars always use a shield: true
     0 | D:1      | 0 ||| qw: God list: Okawaru
     0 | D:1      | 0 ||| qw: Allow faded altars: false
     0 | D:1      | 0 ||| qw: Do Orc after clearing Dungeon:15 true
     0 | D:1      | 0 ||| qw: Do second Lair branch before Depths: true
     0 | D:1      | 0 ||| qw: Lair rune preference: random
     0 | D:1      | 0 ||| qw: Goals: Normal
     0 | D:1      | 0 ||| PLANNING D:1-11
   392 | D:1      | Reached XP level 2. HP: 17/17 MP: 2/2
   482 | D:1      | Found a faded altar of an unknown god.
   536 | D:1      | 536 ||| READING scroll labelled VOK SYUSIXIOTT.
   537 | D:1      | 537 ||| DRINKING 2 puce potions.
   538 | D:1      | 538 ||| DROPPING scroll of butterflies.
   708 | D:2      | Reached XP level 3. HP: 18/21 MP: 3/3
   807 | D:2      | Reached skill level 5 in Ranged Weapons
   940 | D:2      | Reached skill level 3 in Fighting
   955 | D:2      | 955 ||| READING scroll labelled MYANUKL MEFUU.
   956 | D:2      | 956 ||| READING scroll labelled UMUODY ZIMEOVO.
   957 | D:2      | 957 ||| READING scroll labelled OLUGOTUZUE.
   958 | D:2      | 958 ||| READING scroll labelled ONEXZO TASUMO.
  1059 | D:2      | 1059 ||| DRINKING 2 black potions.
  1086 | D:2      | 1086 ||| DROPPING potion of lignification.
  1298 | D:3      | Identified the +0 leather armour of the Little Devil
                  | {rPois}
  1348 | D:3      | 1348 ||| READING scroll of enchant weapon.
  1348 | D:3      | 1348 ||| ENCHANTING +1 shortbow.
  1394 | D:3      | Reached XP level 4. HP: 21/28 MP: 4/4
  1406 | D:3      | 1406 ||| FLEEEEING.
  1440 | D:3      | Noticed Robin
  1449 | D:3      | Killed Robin
  1458 | D:3      | 1458 ||| FLEEEEING.
  1459 | D:3      | 1459 ||| FLEEEEING.
  1460 | D:3      | 1460 ||| FLEEEEING.
  1750 | D:3      | 1750 ||| DROPPING +0 leather armour of the Little Devil
                  | {rPois}.
  1751 | D:3      | 1751 ||| UPGRADING to +0 helmet.
  1756 | D:3      | 1756 ||| UPGRADING to +0 ring mail.
  1766 | D:3      | 1766 ||| DROPPING +0 leather armour.
  1767 | D:3      | 1767 ||| UPGRADING to +4 ring of slaying {mikee}.
  1768 | D:3      | 1768 ||| READING 3 scrolls labelled AKLUHI BEGU.
  1769 | D:3      | 1769 ||| READING scroll labelled WIENAA ININTE.
  1773 | D:3      | 1773 ||| READING scroll labelled MENUOTHOBB.
  1778 | D:4      | 1778 ||| PLANNING SEWER
  1799 | D:4      | Noticed a scorpion
  1804 | D:4      | Killed a scorpion
  1805 | D:4      | Reached XP level 5. HP: 32/32 MP: 5/5
  1810 | D:4      | Found a sacrificial altar of Ru.
  1845 | D:4      | Found a glowing drain.
  1854 | D:4      | 1854 ||| Stepping ~*~*~tactically~*~*~ (water).
  1859 | D:4      | Noticed an ogre
  1861 | D:4      | 1861 ||| RETREATING.
  1862 | D:4      | 1862 ||| Stepping ~*~*~tactically~*~*~ (water).
  1867 | D:4      | Killed an ogre
  1868 | D:4      | Reached skill level 6 in Ranged Weapons
  1868 | D:4      | Reached XP level 6. HP: 37/37 MP: 6/6
  1878 | D:4      | 1878 ||| Stepping ~*~*~tactically~*~*~ (water).
  1881 | Sewer    | Entered a sewer
  1939 | Sewer    | 1939 ||| Stepping ~*~*~tactically~*~*~ (water).
  2022 | Sewer    | Found a glowing silver altar of Zin.
  2066 | D:4      | 2066 ||| PLANNING D:1-11
  2462 | D:4      | Found an ancient bone altar of Kikubaaqudgha.
  2465 | D:4      | Reached skill level 7 in Ranged Weapons
  2465 | D:4      | Reached XP level 7. HP: 43/43 MP: 7/7
  2657 | D:4      | Found a staircase to the Ecumenical Temple.
  2658 | D:4      | 2658 ||| PLANNING TEMPLE
  2658 | D:4      | 2658 ||| UPGRADING to amulet of faith.
  2663 | D:4      | 2663 ||| READING 4 scrolls of identify.
  2663 | D:4      | 2663 ||| IDENTIFYING viscous emerald potion
  2664 | D:4      | 2664 ||| READING 3 scrolls of identify.
  2664 | D:4      | 2664 ||| IDENTIFYING fizzy silvery potion
  2665 | D:4      | 2665 ||| DROPPING potion of berserk rage.
  2675 | Temple   | Entered the Ecumenical Temple
  2676 | Temple   | 2676 ||| PLANNING D:1-11
  2698 | D:4      | 2698 ||| Stepping ~*~*~tactically~*~*~ (retreating).
  2700 | D:4      | 2700 ||| Stepping ~*~*~tactically~*~*~ (outnumbered).
  2702 | D:4      | 2702 ||| RETREATING.
  2704 | D:4      | 2704 ||| DRINKING potion of curing.
  2704 | D:4      | 2704 ||| (to cure confusion)
  2929 | D:5      | Entered Level 5 of the Dungeon
  2961 | D:5      | Found a basalt altar of Yredelemnul.
  3012 | D:5      | Reached skill level 8 in Ranged Weapons
  3155 | D:5      | Reached XP level 8. HP: 43/49 MP: 8/8
  3422 | D:5      | Reached skill level 9 in Ranged Weapons
  3433 | D:5      | Found Ituch's Jewellery Emporium.
  3449 | D:5      | 3449 ||| SHOPLISTING +4 ring of protection (504 gold, have
                  | 298).
  3449 | D:5      | 3449 ||| SHOPLISTING +6 ring of dexterity (504 gold, have
                  | 298).
  3449 | D:5      | 3449 ||| SHOPLISTING +6 ring of strength (504 gold, have
                  | 298).
  3449 | D:5      | 3449 ||| SHOPLISTING amulet of Untruth {Spirit Dex+4} (635
                  | gold, have 298).
  3449 | D:5      | 3449 ||| SHOPLISTING ring of Velumarch {Fly AC+4} (631
                  | gold, have 298).
  3449 | D:5      | 3449 ||| BUYING ring of resist corrosion (280 gold).
  3449 | D:5      | Bought a ring of resist corrosion for 280 gold pieces
  3578 | D:5      | Reached skill level 6 in Fighting
  3591 | D:5      | Found Jadi's Magic Scroll Boutique.
  3597 | D:5      | 3597 ||| SHOPLISTING scroll of enchant weapon (97 gold,
                  | have 28).
  3597 | D:5      | 3597 ||| BUYING scroll of identify (26 gold).
  3597 | D:5      | Bought a scroll of identify for 26 gold pieces
  3597 | D:5      | 3597 ||| SHOPLISTING scroll of identify (26 gold, have 2).
  3597 | D:5      | 3597 ||| SHOPLISTING scroll of teleportation (39 gold, have
                  | 2).
  3849 | D:5      | 3849 ||| UPGRADING to ring of positive energy.
  3850 | D:5      | 3850 ||| UPGRADING to ring of resist corrosion.
  3852 | D:5      | 3852 ||| READING scroll labelled NOZIUJ LAST.
  3853 | D:5      | 3853 ||| READING 6 scrolls of identify.
  3853 | D:5      | 3853 ||| IDENTIFYING sapphire potion
  3854 | D:5      | 3854 ||| READING 5 scrolls of identify.
  3854 | D:5      | 3854 ||| IDENTIFYING brown potion
  3855 | D:5      | 3855 ||| DROPPING potion of degeneration.
  4239 | D:6      | 4239 ||| RETREATING.
  4252 | D:6      | Reached skill level 10 in Ranged Weapons
  4260 | D:6      | Reached XP level 9. HP: 51/56 MP: 9/9
  4456 | D:6      | 4456 ||| FLEEEEING.
  4457 | D:6      | 4457 ||| FLEEEEING.
  4458 | D:6      | 4458 ||| FLEEEEING.
  4459 | D:6      | 4459 ||| FLEEEEING.
  4460 | D:6      | 4460 ||| FLEEEEING.
  4461 | D:6      | 4461 ||| FLEEEEING.
  4462 | D:6      | 4462 ||| FLEEEEING.
  4463 | D:6      | 4463 ||| FLEEEEING.
  4464 | D:6      | 4464 ||| FLEEEEING.
  4465 | D:6      | 4465 ||| FLEEEEING.
  4466 | D:6      | 4466 ||| FLEEEEING.
  4473 | D:6      | 4473 ||| Stepping ~*~*~tactically~*~*~ (outnumbered).
  4475 | D:6      | 4475 ||| Stepping ~*~*~tactically~*~*~ (outnumbered).
  4759 | D:6      | 4759 ||| READING scroll labelled SUABOG BOUR JEU.
  4760 | D:6      | 4760 ||| READING scroll labelled FOETILULI NAQIENEH.
  4761 | D:6      | 4761 ||| READING 5 scrolls of identify.
  4761 | D:6      | 4761 ||| IDENTIFYING metallic pink potion
  4997 | D:7      | You fall into a shaft and drop 3 floors!
  4997 | D:10     | Entered Level 10 of the Dungeon
  4997 | D:10     | Found a portal to a secret trove of treasure.
  5113 | D:10     | Noticed Edmund
  5130 | D:10     | Reached skill level 11 in Ranged Weapons
  5146 | D:10     | Reached skill level 3 in Dodging
  5153 | D:10     | Reached skill level 3 in Armour
  5156 | D:10     | HP: 11/57 [human (4)]
  5157 | D:10     | 5157 ||| DRINKING 2 potions of heal wounds.
  5177 | D:10     | HP: 14/59 [yak (6)]
  5178 | D:10     | 5178 ||| DRINKING potion of heal wounds.
  5182 | D:10     | Reached XP level 10. HP: 39/64 MP: 10/10
  5198 | D:10     | HP: 16/64 [yak (9)]
  5205 | D:10     | HP: 6/64 [human (5)]
  5213 | D:10     | Reached skill level 12 in Ranged Weapons
  5214 | D:10     | HP: 6/64 [yak (2)]
  5216 | D:10     | Slain by a yak

Levels and vault maps discovered:
D:1:      scummos_arrival_simple_crosswalls, layout_loops_ring,
          ebering_ecumenical_altar_sacrificial
D:2:      layout_rooms
D:3:      layout_loops_cross, uniq_robin
D:4:      layout_basic, nicolae_ru_awakened_eye, kennysheep_vampire_church,
          minmay_temple_entry_offerings, cheibrodos_sewer_entry_drain,
          minmay_misc_feat_five
D:5:      layout_loops_corners, mainiacjoe_overflow_alcove_1, serial_shops,
          shop, shop
D:6:      layout_loops_corners
D:7:      layout_rooms, demons_altar, old_standard_altar, serial_glass,
          glass_columns_c, glass_columns_a, uniq_maggie
D:10:     erik_cavepeople, layout_basic, okawaru_trees_1, zin_angel,
          hiddenorc1_lemuel, enter_trove_1, minmay_misc_feat_plants,
          kennysheep_generic_room_11
Temple:   grunt_temple_mini_profane

Skill      XL: |  1  2  3  4  5  6  7  8  9 10 |
---------------+-------------------------------+-----
Ranged Weapons | 5 6 7 8 10 11 12 | 12.0
Fighting       | 3 4 5 6 8 |  8.1
Armour         | 2 3 |  3.6
Dodging        | 2 3 |  3.5
Stealth        | |  1.1

Action                     |  1- 3 |  4- 6 |  7- 9 | 10-12 || total
---------------------------+-------+-------+-------+-------++-------
   Fire: Shortbow          |    83 |   118 |   305 |    35 ||   541
    Use: Scroll            |     6 |     3 |     8 |       ||    17
         Potion            |     2 |       |     3 |       ||     5
 Armour: Leather armour    |    24 |    14 |       |       ||    38
         Ring mail         |       |    51 |   117 |    21 ||   189
  Dodge: Dodged            |    25 |    58 |   103 |    10 ||   196

Table legend:
 A = Non-vault XP
 B = Vault XP
 C = Vault XP percentage of total XP
 D = Non-vault monster count
 E = Vault monster count
 F = Vault count percentage of total count
                 A         B        C        D         E       F
            +---------+---------+-------+---------+---------+-------
      Total |    2812 |    2636 |  48.4 |     104 |      45 |  30.2
            +---------+---------+-------+---------+---------+-------
        D:1 |      11 |       0 |   0.0 |       4 |       0 |   0.0
        D:2 |      59 |       0 |   0.0 |      15 |       0 |   0.0
        D:3 |      29 |      38 |  56.7 |      13 |      12 |  48.0
        D:4 |     516 |     127 |  19.8 |      23 |       9 |  28.1
        D:5 |    1027 |       0 |   0.0 |      14 |       0 |   0.0
        D:6 |     687 |       0 |   0.0 |      30 |       0 |   0.0
        D:7 |     483 |       0 |   0.0 |       5 |       0 |   0.0
       D:10 |       0 |    2344 | 100.0 |       0 |      13 | 100.0
      Sewer |       0 |     127 | 100.0 |       0 |      11 | 100.0
            +---------+---------+-------+---------+---------+-------
